 Dungeon Crawl Stone Soup version 0.30-b1-2-g02819fbbbe (webtiles) character file.

Game seed: 13823418401917127166

363918 Flugkiller the Convoker (level 21, -3/282 HPs)
             Began as a Black Draconian Cinder Acolyte on May 5, 2023.
             Was a Priest of Ignis.
             Succumbed to poison (poison gas)
             ... on level 1 of the Depths on May 6, 2023.
             The game lasted 01:41:11 (50688 turns).

Flugkiller the Convoker (DrCA)                     Turns: 50688, Time: 01:41:11

Health: -3/282     AC: 24    Str: 16    XL:     21   Next: 20%
Magic:  22/38      EV: 23    Int: 26    God:    Ignis [***...]
Gold:   2495       SH: 18    Dex: 14    Spells: 24/47 levels left

rFire   + . .        j - +5 demon trident (elec)
rCold   . . .        K - +5 kite shield {AC+3}
rNeg    . . .        (body armour unavailable)
rPois   .            Q - +2 hat {Int+3}
rElec   +            N - +2 cloak {Will+}
rCorr   .            s - +2 pair of gloves
SInv    .            B - +1 pair of boots {Fly}
Will    ++...        S - amulet of regeneration Stlth
                     W - ring of Xom's Sleight of Hands {Int+6 Stlth+}
HPRegen 1.47/turn    v - +5 ring of evasion {=R}
MPRegen 0.26/turn

%: no passive effects
@: berserking (expiring), lethally poisoned (-3 -> -94), flying, studying Ranged
Weapons, very quick
A: breathe lightning, AC +11, unfitting armour, big wings, electricity
resistance, cold-blooded, clumsy 1, wild magic 1
}: 3/15 runes: serpentine, barnacled, abyssal
a: Breathe Lightning, Renounce Religion, Fiery Armour, Foxfire Swarm, Rising
Flame


You were on level 1 of the Depths.
You worshipped Ignis.
Ignis was most pleased with you.
You visited 7 branches of the dungeon, and saw 35 of its levels.
You visited the Abyss 1 time.
You visited 1 ziggurat, and saw 1 of its levels.
You also visited: Ossuary, Gauntlet and Ice Cave.

You collected 4870 gold pieces.
You spent 2375 gold pieces at shops.

Inventory:

Hand Weapons
 j - a +5 demon trident of electrocution (weapon)
   (You acquired it on level 7 of the Dungeon)
Missiles
 l - 5 throwing nets
 U - 14 curare-tipped darts (quivered)
Armour
 s - a +2 pair of gloves (worn)
   (You found it on level 1 of the Dungeon)
 u - the +2 pair of boots of the Loofah {rF++ Int-5}
   (You acquired it on level 7 of the Dungeon)

   Int:       It affects your intelligence (-5).
   rF:        It greatly protects you from fire.
 B - a +1 pair of boots of flying (worn)
   (You found it in an ice cave)
 K - a +5 kite shield of protection (worn)
   (You bought it in a shop on level 2 of the Orcish Mines)
 N - a +2 cloak of willpower (worn)
   (You took it off Crazy Yiuf on level 7 of the Dungeon)
 Q - a +2 hat of intelligence (worn)
   (You bought it in a shop on level 15 of the Dungeon)
Jewellery
 c - a ring of protection from cold
   (You took it off a reaper in an ice cave)
 f - a ring of protection from fire
   (You found it on level 6 of the Dungeon)
 i - a ring of see invisible
   (You found it on level 6 of the Dungeon)
 m - the ring "Veunit" {Will+ Int+2 Dex+4}
   (You found it on level 4 of the Shoals)

   [ring of willpower]

   Int:       It affects your intelligence (+2).
   Dex:       It affects your dexterity (+4).
   Will:      It increases your willpower.
 p - a +4 ring of protection
   (You found it on level 5 of the Dungeon)
 v - a +5 ring of evasion (right hand) {=R}
   (You found it in a Gauntlet)
 S - an amulet of regeneration (around neck)
   (You found it on level 13 of the Dungeon)
 W - the ring of Xom's Sleight of Hands (left hand) {Int+6 Stlth+}
   (You found it in a Gauntlet)

   [ring of intelligence]

   Int:       It affects your intelligence (+6).
   Stlth:     It makes you more stealthy.
 Z - the ring "Hock" {Wiz Str+3 Dex+6}
   (You found it on level 2 of the Vaults)

   [ring of wizardry]

   It improves your spell success rate.
   Str:       It affects your strength (+3).
   Dex:       It affects your dexterity (+6).
Wands
 a - a wand of roots (7)
   (You found it on level 8 of the Dungeon)
 y - a wand of charming (53)
   (You found it on level 5 of the Dungeon)
 G - a wand of digging (7)
   (You found it on level 9 of the Dungeon)
 H - a wand of quicksilver (14)
   (You found it on level 13 of the Dungeon)
 O - a wand of flame (27)
   (You found it on level 10 of the Dungeon)
 P - a wand of mindburst (26)
   (You took it off Maggie on level 2 of the Lair of Beasts)
Scrolls
 g - 4 scrolls of fear
 o - 10 scrolls of immolation
 t - 3 scrolls of teleportation
 z - 2 scrolls of blinking
 D - 3 scrolls of butterflies
 M - 10 scrolls of vulnerability
 R - 4 scrolls of fog
 T - 5 scrolls of magic mapping
Potions
 b - 5 potions of invisibility
 d - 10 potions of might
 e - 8 potions of brilliance
 h - 3 potions of haste
 n - 2 potions of resistance
 q - 8 potions of curing
 w - 5 potions of heal wounds
 A - 4 potions of magic
 C - 2 potions of cancellation
 J - 3 potions of berserk rage
 L - 11 potions of ambrosia
Miscellaneous
 I - a box of beasts
   (You bought it in a shop on level 2 of the Shoals)
 V - a tin of tremorstones (2/2)
   (You found it on level 1 of the Snake Pit)
 Y - a phial of floods
   (You found it on level 4 of the Snake Pit)


   Skills:
 - Level 16.0 Fighting
 - Level 14.0 Polearms
 - Level 14.0 Dodging
 - Level 15.0 Shields
 + Level 13.7 Spellcasting
 - Level 20.0 Summonings
 - Level 3.0 Fire Magic
 - Level 7.0 Air Magic
 - Level 12.0 Evocations


You had 24 spell levels left.
You knew the following spells:

 Your Spells              Type           Power      Damage    Failure   Level
a - Call Canine Familiar  Summ           100%       N/A       1%          3
b - Summon Lightning Spi  Summ/Air       85%        N/A       1%          4
c - Summon Cactus Giant   Summ           51%        N/A       1%          6
d - Summon Hydra          Summ           51%        N/A       2%          7
w - Swiftness             Air            63%        N/A       1%          3

Your spell library contained the following spells:

 Spells                   Type           Power      Damage    Failure   Level
 Summon Small Mammal      Summ           100%       N/A       1%          1
 Call Imp                 Summ           100%       N/A       1%          2
 Shock                    Conj/Air       100%       1d9       2%          1
 Static Discharge         Conj/Air       92%        2-6/arc   3%          2
 Foxfire                  Conj/Fire      100%       2x1d9     4%          1
 Scorch                   Fire           86%        2d8       4%          2
 Airstrike                Air            31%        2d(5-21)  5%          4
 Apportation              Tloc           46%        N/A       9%          1
 Magic Dart               Conj           92%        1d7       9%          1
 Necrotise                Necr           92%        1d8       9%          1
 Mephitic Cloud           Conj/Pois/Air  39%        N/A       10%         3
 Ensorcelled Hibernation  Hex/Ice        46%        N/A       12%         2
 Passwall                 Tmut/Erth      19%        N/A       12%         2
 Searing Ray              Conj           46%        2d6       12%         2
 Sublimation of Blood     Necr           23%        N/A       12%         2
 Wereblood                Tmut           23%        N/A       12%         2
 Summon Horrible Things   Summ           51%        N/A       14%         8
 Gell's Gravitas          Tloc           23%        N/A       22%         3
 Portal Projectile        Hex/Tloc       46%        N/A       22%         3
 Teleport Other           Tloc           23%        N/A       22%         3
 Flame Wave               Conj/Fire      33%        2d10      36%         4
 Fulminant Prism          Conj/Hex       11%        3d9       54%         4
 Leda's Liquefaction      Hex/Erth       11%        N/A       54%         4
 Petrify                  Tmut/Erth      23%        N/A       54%         4
 Malign Gateway           Summ/Tloc      37%        N/A       67%         7
 Fireball                 Conj/Fire      16%        3d8       69%         5
 Plasma Beam              Fire/Air       27%        2x1d43    78%         6
 Alistair's Intoxication  Tmut/Pois      15%        N/A       87%         5
 Metabolic Englaciation   Hex/Ice        11%        N/A       87%         5
 Starburst                Conj/Fire      16%        6d6       99%         6
 Dispersal                Tloc           11%        N/A       100%        6
 Statue Form              Tmut/Erth      15%        N/A       100%        6


Dungeon Overview and Level Annotations

Branches:
Dungeon (15/15) Zot: 25149  Temple (0/1) D:4            Lair (5/5) D:11 Zot: 22506
 Shoals (4/4) Lair:2 Zot: 18891   Snake (4/4) Lair:2 Zot: 17433   Slime (0/5) Lair:5
    Orc (2/2) D:10 Zot: 10592     Elf (0/3) Orc:2        Vaults (4/5) D:14 Zot: 17371
  Crypt (0/3) Vaults:2     Depths (1/4) D:15 Zot: 5917 Ossuary (visited)
  IceCv (visited)         Gauntlet (visited)

Altars:
Gozag
Kikubaaqudgha
Makhleb
Nemelex Xobeh
Qazlal
Wu Jian
Xom
Yredelemnul
The Shining One
Jiyva

Shops:
D:5 [   D:6 :   D:12 (   D:15 *   Orc:2 :*[(   Shoals:2 *   Snake:1 [!
Snake:4 *   Vaults:3 [*

Portals:
Trove: Vaults:4 (give 17 potions of curing)

Annotations:
D:8 2 runed translucent doors
D:9 Psyche
D:13 1 runed translucent door, Anon1729's ghost, journeyman MiMo
Shoals:2 Ilsuiw
Vaults:4 2 transporters, exclusion: obsidian statue


Innate Abilities, Weirdness & Mutations

You can breathe wild blasts of lightning.
Your glossy black scales are hard. (AC +11)
You cannot fit into any form of body armour.
Your large and strong wings let you fly.
You are resistant to electric shocks. (rElec)
You are cold-blooded and may be slowed by cold attacks.
You are clumsy. (Dex -2)
Your spells are a little harder to cast, but a little more powerful.


Message History

You feel better. You block the nameless horror's attack.
You block the green draconian monk's attack.
The green draconian monk completely misses you.
The green draconian monk tail-slaps you but does no damage.
The green draconian monk completely misses you.
A red film seems to cover your vision as you go berserk!
You feel yourself moving faster!
You feel mighty!
The green draconian monk closely misses you.
You block the green draconian monk's attack.
The green draconian monk tail-slaps you!
The green draconian monk tail-slaps you but does no damage.
You block the nameless horror's attack.
Unknown command.
You impale the green draconian monk!!
Your tail-slap misses the green draconian monk.
The green draconian monk is moderately wounded.
You hit the green draconian monk but do no damage.
You tail-slap the green draconian monk!
The green draconian monk is heavily wounded.
You puncture the green draconian monk!
The green draconian monk is heavily wounded.
The green draconian monk hits you but does no damage.
The green draconian monk kicks you but does no damage.
You block the green draconian monk's attack.
The green draconian monk tail-slaps you!
You are poisoned.
The green draconian monk poisons you! You block the nameless horror's attack.
You miss the green draconian monk. You tail-slap the green draconian monk.
The green draconian monk is heavily wounded.
You feel very sick.
Your magical contamination has completely faded away.
You closely miss the green draconian monk.
You tail-slap the green draconian monk.
The green draconian monk is severely wounded.
You feel very sick. The nameless horror misses you.
The green draconian monk breathes poison at you.
The blast of poison misses you.
You closely miss the green draconian monk.
Your tail-slap misses the green draconian monk.
The green draconian monk is severely wounded.
You are engulfed in poison gas.
You are more poisoned.
You feel very sick.
You closely miss the green draconian monk.
The green draconian monk is severely wounded.
You are engulfed in poison gas.
You are more poisoned.
You feel very sick.
The green draconian monk hits you but does no damage.
The green draconian monk completely misses you. x2
You block the green draconian monk's attack.
The nameless horror misses you.
You miss the green draconian monk.
Your tail-slap misses the green draconian monk.
The green draconian monk is heavily wounded.
You are engulfed in poison gas.
You are more poisoned.
You feel extremely sick.
You puncture the green draconian monk!
Your tail-slap misses the green draconian monk.
The green draconian monk is severely wounded.
You are engulfed in poison gas.
You are more poisoned.
You feel extremely sick. You block the nameless horror's attack.
You block the green draconian monk's attack.
The green draconian monk kicks you but does no damage.
The green draconian monk tail-slaps you but does no damage.
The green draconian monk misses you.
You hit the green draconian monk.
The green draconian monk is severely wounded.
You are engulfed in poison gas.
You are more poisoned.
You feel extremely sick.
* * * LOW HITPOINT WARNING * * *
You feel extremely sick.
The green draconian monk breathes poison at you.
The blast of poison engulfs you!
You are more poisoned.
* * * LOW HITPOINT WARNING * * *
You barely miss the green draconian monk.
The green draconian monk is severely wounded.
You are engulfed in poison gas.
You are more poisoned.
* * * LOW HITPOINT WARNING * * *
x2 You feel extremely sick.
You impale the green draconian monk!!
Lightning courses through the green draconian monk!!
You kill the green draconian monk!
You are engulfed in poison gas.
You are more poisoned.
* * * LOW HITPOINT WARNING * * *
x2 You feel extremely sick.
You block the nameless horror's attack.
You are engulfed in poison gas.
You are more poisoned.
* * * LOW HITPOINT WARNING * * *
x2 You feel extremely sick.
You see here a +0 cloak.
You feel a strong urge to attack something.
You die...

,,*,,,,....,,########.#..#
,,**,,,,#.#####.......#.##
,,,,,,,,*.....#######..##
,,,*,,,,,,#.............#
,,,*,>,,###.............###
,*,*,,,,#.....○°....##....#
,***,,**#....°X°.....#....#
**,**##.#...○°○°☼....#...##
,,,*,........○☼☼@....#...#
,,,*,.......☼°.☼○.####...#
**,*,........#.......)...#
,****##......#.......#####
,,,,,,##..#####.....##
,,,,,,,###* #.....#
,,,,,,,,* ###.### **,,,,,,*
### ,***,,,,*


You could see a nameless horror.

Vanquished Creatures
  Vashnia (Snake:4)
  The ghost of Zonian the Slayer, an adept HOFi of Beogh (Vaults:2)
  Nikola (Snake:4)
  A tentacled monstrosity (Vaults:4)
  Mlioglotl (Snake:4)
  A lich (Abyss:3)
  2 krakens (Shoals:1)
  Frances (Shoals:1)
  A sphinx (Vaults:2)
  A tentacled starspawn (Abyss:2)
  A shadow dragon (Vaults:3)
  Kirke (Shoals:1)
  A draconian monk (Depths:1)
  4 nagarajas
  A fire giant (Vaults:1)
  8 vault wardens
  A war gargoyle (Vaults:3)
  3 orc warlords
  5 ironbound preservers
  A stone giant (Depths:1)
  4 ironbound thunderhulks
  Azrael (Orc:2)
  A minotaur (Gauntlet)
  7 dire elephants
  A merfolk javelineer (Shoals:3)
  Josephine (Lair:2)
  An ettin (Orc:1)
  3 fire dragons
  8 merfolk impalers
  6 yaktaur captains
  A great orb of eyes (Vaults:2)
  6 vault guards
  4 salamander tyrants (Snake:4)
  2 ogre magi
  7 hydras
  An alligator snapping turtle (Lair:2)
  3 merfolk avatars
  3 ironbound frosthearts
  3 boulder beetles
  12 anacondas
  6 merfolk aquamancers
  8 centaur warriors
  12 two-headed ogres
  3 tengu warriors
  5 catoblepae (Lair:5)
  17 death yaks
  11 naga sharpshooters
  6 naga warriors
  3 orc high priests (Orc:2)
  Urug (Lair:2)
  4 shock serpents
  A thrashing horror (Abyss:3)
  Sonja (Lair:2)
  A spectral anaconda (Snake:1)
  10 sea snakes
  5 skysharks
  6 salamander mystics (Snake:4)
  A glowing orange brain (Vaults:4)
  An obsidian statue (IceCv)
  20 deep trolls
  2 anaconda skeletons (Snake:1)
  2 spriggan simulacra (IceCv)
  15 lindwurms
  14 wizards
  5 naga ritualists
  17 harpies
  A bog body (IceCv)
  7 ironbound convokers
  A phantasmal warrior (Vaults:4)
  2 necromancers
  A wolf spider (D:11)
  2 deep elf pyromancers
  3 orc knights (Orc:2)
  9 mana vipers
  A deep elf zephyrmancer (D:13)
  14 salamanders
  10 orc sorcerers
  3 cyclopes
  20 manticores
  28 ugly things
  A large abomination (Abyss:2)
  11 fauns
  Maurice (D:11)
  2 centaur zombies (D:15)
  A worldbinder (Gauntlet)
  7 merfolk sirens
  19 elephants
  5 guardian serpents
  A torpor snail (Lair:1)
  7 vault sentinels
  15 naga magi
  5 nameless horrors
  30 black mambas
  11 cane toads
  A spectral sea snake (Snake:1)
  A water nymph (Shoals:2)
  Maggie (Lair:2)
  2 gargoyles
  2 efreet
  A minotaur zombie (Gauntlet)
  2 ice devils (IceCv)
  7 komodo dragons
  A kobold demonologist (D:11)
  4 unseen horrors
  4 anaconda simulacra
  A tengu conjurer (D:13)
  26 yaktaurs
  4 spectral nagas (Snake:1)
  5 freezing wraiths
  3 polar bears
  19 merfolk
  A queen bee (Lair:2)
  A hornet (D:11)
  Prince Ribbit (D:8)
  A harpy skeleton (D:15)
  2 spectral guardian serpents (Snake:1)
  5 wind drakes
  8 trolls
  2 raiju (Gauntlet)
  4 dream sheep (Lair:5)
  9 blink frogs
  5 snapping turtles
  A centaur simulacrum (D:15)
  23 slime creatures
  3 shadows
  59 yaks
  A guardian serpent skeleton (Snake:1)
  A vampire (D:11)
  3 dire elephant simulacra (IceCv)
  A culicivora (shapeshifter) (D:13)
  2 fire bats (Abyss:3)
  5 fire elementals (Orc:2)
  10 water elementals
  4 wyverns
  A yak (shapeshifter) (D:13)
  8 wraiths
  3 basilisks
  Eustachio (D:4)
  A hog (Shoals:1)
  A chaos spawn (Abyss:3)
  2 minotaur simulacra (IceCv)
  2 vampire mosquitoes (D:12)
  6 wargs
  16 water moccasins
  21 nagas
  4 acid dragons
  A hell hound (Orc:2)
  A guardian serpent simulacrum (Snake:1)
  34 orc warriors
  5 black bears
  A sky beast (D:8)
  4 ice beasts (D:6)
  9 ogres
  17 wolves
  5 boggarts
  A wolf (shapeshifter) (D:11)
  12 centaurs
  A phantom (D:5)
  3 kobold brigands
  14 bullfrogs
  2 scorpions
  5 deep troll simulacra (IceCv)
  8 water moccasin zombies (Ossuary)
  5 wights (D:10)
  A lindwurm simulacrum (IceCv)
  32 killer bees
  2 electric eels (D:15)
  3 howler monkeys
  4 jellies
  A gnoll bouda (D:4)
  2 hounds (D:6)
  26 orc priests
  Crazy Yiuf (D:7)
  2 iguanas
  2 lightning spires (Gauntlet)
  25 orc wizards
  3 sleepcaps
  A boggart skeleton (D:15)
  2 mummies (Ossuary)
  Robin (D:4)
  9 gnolls
  10 adders
  A naga simulacrum (Snake:1)
  2 shadow imps
  2 adder zombies (Ossuary)
  A worm (D:2)
  A dart slug (D:1)
  66 orcs
  7 ball pythons
  6 endoplasms
  3 giant cockroaches
  3 gnoll zombies (Ossuary)
  13 goblins
  14 hobgoblins
  7 jackals (D:1)
  4 bats
  2 frilled lizards (D:3)
  2 hobgoblin zombies (Ossuary)
  16 kobolds
  7 kobold zombies (Ossuary)
  4 orc zombies (Ossuary)
  5 rats
  5 tentacles
1235 creatures vanquished.

Vanquished Creatures (collateral kills)
  3 sphinxes
  3 krakens
  2 tengu reavers
  A nagaraja (Snake:2)
  A frost giant (Depths:1)
  4 vault wardens
  Louise (Snake:1)
  2 orc warlords
  6 ironbound preservers
  2 ironbound thunderhulks
  3 reapers (IceCv)
  2 very ugly things (Vaults:3)
  2 war gargoyles
  2 dire elephants
  3 ettins
  3 merfolk javelineers
  3 merfolk impalers
  5 yaktaur captains
  2 entropy weavers (Vaults:2)
  4 great orbs of eyes
  4 vault guards
  3 peacekeepers
  2 merfolk avatars
  A salamander tyrant (Snake:4)
  2 anacondas (Snake:4)
  2 ogre magi
  An ironbound frostheart (Vaults:4)
  An ice dragon (Abyss:3)
  3 two-headed ogres (D:15)
  A catoblepas (D:15)
  2 merfolk aquamancers (Shoals:4)
  A satyr (Shoals:2)
  2 tengu warriors
  A naga warrior (Snake:2)
  A skyshark (Shoals:2)
  2 salamander mystics (Snake:4)
  A wretched star (Abyss:2)
  2 sea snakes
  12 deep trolls
  3 wizards
  2 spriggan simulacra (IceCv)
  2 phantasmal warriors (Vaults:1)
  A lindwurm (Vaults:3)
  13 harpies
  3 mana vipers
  6 ugly things
  8 ironbound convokers
  3 orc knights
  4 manticores
  6 merfolk sirens
  11 fauns
  3 guardian serpents
  4 salamanders
  5 black mambas
  4 water nymphs
  8 vault sentinels
  2 naga magi
  A cane toad (Lair:5)
  5 yaktaurs
  An ice devil (IceCv)
  3 wind drakes
  10 merfolk
  A dream sheep (Lair:5)
  2 slime creatures
  4 snapping turtles
  3 yaks (Lair:5)
  4 fire bats (Abyss:3)
  4 water elementals
  A hog (Shoals:1)
  5 chaos spawn (Abyss:3)
  A warg (Orc:1)
  6 nagas
  2 nameless horrors
  5 orc warriors (Orc:2)
  A lindwurm simulacrum (IceCv)
  8 orc priests
  9 orc wizards
  3 gnolls (D:9)
  13 orcs
  9 tentacles
287 creatures vanquished.

Vanquished Creatures (others)
  2 nameless horrors
  A naga mage (Snake:4)
  A black mamba (Snake:3)
  A human (Shoals:1)
  A boggart (Vaults:1)
  A gnoll sergeant (D:9)
  An orc (Orc:2)
  14 demonic plants (Gauntlet)
  10 foxfires (D:9)
  30 fungi
  318 plants
  2 starspawn tentacles (Abyss:2)
  23 tentacles
405 creatures vanquished.

Grand Total: 1927 creatures vanquished

Notes
Turn   | Place    | Note
-------+----------+-------------------------------------------
     0 | D:1      | Flugkiller the Draconian Cinder Acolyte began the quest for
                  | the Orb.
     0 | D:1      | Reached XP level 1. HP: 19/19 MP: 2/2
   331 | D:1      | Reached XP level 2. HP: 26/26 MP: 3/3
  1139 | D:2      | Reached XP level 3. HP: 30/33 MP: 4/4
  1512 | D:2      | Reached XP level 4. HP: 32/41 MP: 5/5
  2178 | D:3      | Noticed Robin
  2363 | D:4      | Killed Robin
  2446 | D:3      | Found a faded altar of an unknown god.
  2505 | D:3      | Reached skill level 5 in Fighting
  2646 | D:3      | Reached XP level 5. HP: 48/48 MP: 6/6
  2665 | D:3      | Found an ancient bone altar of Kikubaaqudgha.
  3060 | D:4      | Gained mutation: You have a pair of small horns on your
                  | head. [potion of mutation]
  3060 | D:4      | Gained mutation: Your large and strong wings let you fly.
                  | [potion of mutation]
  3328 | D:4      | Found a staircase to the Ecumenical Temple.
  3358 | D:4      | Reached skill level 5 in Polearms
  3643 | D:4      | Reached XP level 6. HP: 8/57 MP: 7/7
  4546 | D:4      | Found a sparkling altar of Nemelex Xobeh.
  4620 | D:5      | Entered Level 5 of the Dungeon
  4620 | D:5      | Noticed Eustachio
  4659 | D:4      | Killed Eustachio
  4660 | D:4      | Your scales start taking on a glossy black colour.
  4660 | D:4      | Reached XP level 7. HP: 31/63 MP: 8/8
  4660 | D:4      | Gained mutation: You are resistant to electric shocks.
                  | (rElec) [Black Draconian growth]
  5108 | D:5      | Noticed a yak
  5288 | D:5      | Found a burning altar of Makhleb.
  5670 | D:5      | Found Tiziwuwk's Armour Shoppe.
  5740 | D:5      | Noticed a yak
  5946 | D:6      | Found Kyrufet's Book Boutique.
  6054 | D:6      | Reached skill level 1 in Evocations
  6054 | D:6      | Reached XP level 8. HP: 69/70 MP: 9/9
  7187 | D:5      | Reached XP level 9. HP: 75/75 MP: 10/10
  7190 | D:5      | Reached skill level 5 in Dodging
  7197 | D:5      | Reached skill level 5 in Evocations
  7589 | D:7      | Found a runed translucent door.
  7590 | D:7      | Noticed Crazy Yiuf
  8358 | D:7      | Found an ornate altar of the Wu Jian Council.
  8359 | D:7      | You are sucked into a shaft and drop 2 floors!
  8591 | D:9      | Reached skill level 10 in Polearms
  9080 | D:9      | Noticed a two-headed ogre
  9113 | D:9      | Killed a two-headed ogre
  9114 | D:9      | Reached XP level 10. HP: 71/83 MP: 11/11
  9240 | D:9      | Noticed Psyche
  9457 | D:8      | Found a runed translucent door.
  9568 | D:8      | Noticed Prince Ribbit
  9591 | D:8      | Found a sand-covered staircase.
  9606 | Ossuary  | Entered an ossuary
  9992 | D:8      | Killed Prince Ribbit
 10271 | D:8      | Found a runed translucent door.
 10739 | D:7      | Killed Crazy Yiuf
 10757 | D:7      | Identified 2 scrolls of acquirement
 10757 | D:7      | Acquired the +2 pair of boots of the Loofah {rF++ Int-5}
 10914 | D:10     | Entered Level 10 of the Dungeon
 10943 | D:10     | Noticed a two-headed ogre
 10985 | D:10     | Killed a two-headed ogre
 11042 | D:9      | Acquired a +0 demon trident of electrocution
 11154 | D:9      | Reached skill level 10 in Fighting
 11155 | D:9      | Reached XP level 11. HP: 91/99 MP: 12/12
 11485 | D:10     | Found a stormy altar of Qazlal.
 11756 | D:10     | Found a staircase to the Orcish Mines.
 11852 | D:10     | Found a glowing golden altar of the Shining One.
 11854 | D:10     | Noticed an angel
 11859 | D:10     | Found a basalt altar of Yredelemnul.
 12222 | D:11     | Found a basalt altar of Yredelemnul.
 12706 | D:11     | Noticed a boulder beetle
 12722 | D:11     | Noticed a deep elf pyromancer
 12831 | D:11     | Noticed a wolf spider
 12846 | D:11     | Killed a wolf spider
 13075 | D:11     | Killed a boulder beetle
 13251 | D:11     | Killed a deep elf pyromancer
 13711 | D:11     | Identified the amulet "Rybarux" {Faith Dex+4}
 14042 | D:11     | Found a staircase to the Lair.
 14196 | D:11     | Noticed Maurice
 14223 | D:11     | Killed Maurice
 14327 | D:11     | Noticed a two-headed ogre
 14351 | D:11     | Killed a two-headed ogre
 14352 | D:11     | Reached XP level 12. HP: 110/110 MP: 13/13
 14456 | Lair:1   | Entered Level 1 of the Lair of Beasts
 14673 | D:5      | Bought an orb of light for 192 gold pieces
 15144 | Lair:1   | Noticed a death yak
 15145 | Lair:1   | Noticed a death yak
 15207 | Lair:1   | Killed a death yak
 15230 | Lair:1   | Killed a death yak
 15937 | Lair:2   | Noticed a four-headed hydra
 15949 | Lair:2   | Killed a four-headed hydra
 16020 | Lair:2   | Noticed Urug
 16032 | Lair:2   | Killed Urug
 16469 | Lair:2   | Noticed Maggie
 16472 | Lair:2   | Found a staircase to the Snake Pit.
 16481 | Lair:2   | Killed Maggie
 16536 | Lair:2   | Reached skill level 10 in Evocations
 16825 | Lair:2   | Found a staircase to the Shoals.
 16847 | Lair:2   | Noticed Sonja
 16850 | Lair:2   | Killed Sonja
 17143 | Lair:1   | Reached XP level 13. HP: 81/119 MP: 14/14
 17394 | Lair:2   | Identified the +6 falchion of Ravage {freeze, rPois rN+++
                  | Int-2 SInv}
 17560 | Lair:3   | Noticed Josephine
 17994 | Lair:2   | Killed Josephine
 18536 | Lair:3   | Reached skill level 10 in Dodging
 19105 | Lair:3   | Learned a level 3 spell: Swiftness
 19109 | Lair:3   | Learned a level 3 spell: Call Canine Familiar
 19228 | Lair:4   | Reached skill level 1 in Air Magic
 19238 | Lair:4   | Reached skill level 1 in Summonings
 19635 | Lair:4   | Reached skill level 2 in Summonings
 19968 | Lair:4   | Reached skill level 3 in Summonings
 19979 | Lair:4   | Mutation became permanent: Your large and strong wings let
                  | you fly. [Black Draconian growth]
 19979 | Lair:4   | Gained mutation: Your large and strong wings let you fly.
                  | [Black Draconian growth]
 19979 | Lair:4   | Reached XP level 14. HP: 111/132 MP: 18/18
 20324 | Lair:5   | Entered Level 5 of the Lair of Beasts
 20454 | Lair:5   | Found a gate leading to a gauntlet.
 20515 | Gauntlet | Entered a Gauntlet
 20515 | Gauntlet | Found a transporter.
 20515 | Gauntlet | Found a transporter.
 20519 | Gauntlet | Found a transporter.
 20519 | Gauntlet | Found a transporter.
 20521 | Gauntlet | Found a large runed translucent door.
 20522 | Gauntlet | Found a large runed translucent door.
 20523 | Gauntlet | Found a large runed translucent door.
 20523 | Gauntlet | Found a large runed translucent door.
 20523 | Gauntlet | Found a runed translucent door.
 20523 | Gauntlet | Found a runed translucent door.
 20524 | Gauntlet | Found a large runed translucent door.
 20525 | Gauntlet | Found a large runed translucent door.
 20526 | Gauntlet | Found a large runed translucent door.
 20526 | Gauntlet | Found a large runed translucent door.
 20527 | Gauntlet | Found a runed translucent gate.
 20527 | Gauntlet | Found a runed translucent gate.
 20527 | Gauntlet | Found a runed translucent gate.
 20529 | Gauntlet | Found a transporter.
 20539 | Gauntlet | Found a transporter.
 20539 | Gauntlet | Found a transporter.
 20563 | Gauntlet | Found a transporter.
 20570 | Gauntlet | Found a transporter.
 20579 | Gauntlet | Found a large runed translucent door.
 20580 | Gauntlet | Found a large runed translucent door.
 20582 | Gauntlet | Found a transporter.
 20583 | Gauntlet | Found a large runed translucent door.
 20584 | Gauntlet | Found a large runed translucent door.
 20612 | Gauntlet | Found a large runed translucent door.
 20612 | Gauntlet | Found a large runed translucent door.
 20613 | Gauntlet | Found a large runed translucent door.
 20614 | Gauntlet | Found a transporter.
 20614 | Gauntlet | Found a large runed translucent door.
 20660 | Gauntlet | Found a transporter.
 20678 | Gauntlet | Found a transporter.
 20767 | Gauntlet | Found a transporter.
 20776 | Gauntlet | Found a transporter.
 20797 | Gauntlet | Found a transporter.
 20938 | Gauntlet | Reached skill level 4 in Summonings
 20997 | Gauntlet | Identified the ring of Xom's Sleight of Hands {Int+6
                  | Stlth+}
 21051 | Gauntlet | Reached skill level 5 in Air Magic
 21509 | Lair:5   | Reached skill level 5 in Summonings
 21685 | Lair:5   | Found a viscous altar of Jiyva.
 21837 | Lair:5   | Found a staircase to the Slime Pits.
 21916 | Lair:5   | Reached skill level 6 in Summonings
 22155 | Lair:5   | Reached skill level 7 in Summonings
 22436 | Lair:5   | Reached skill level 8 in Summonings
 22729 | D:6      | Bought a book of Storms for 286 gold pieces
 22734 | D:6      | Learned a level 4 spell: Summon Lightning Spire
 23410 | D:12     | Found Pesk's Weapon Emporium.
 23495 | D:12     | Reached skill level 9 in Summonings
 23637 | D:12     | Reached XP level 15. HP: 138/138 MP: 19/21
 24614 | D:13     | Reached skill level 10 in Summonings
 24767 | D:13     | Identified the +2 robe of Beoc {rElec Will++ Str-3 Dex+3}
 24982 | D:13     | Identified the +8 mace of the Feeding Gods {elec, rC++}
 25059 | D:13     | Found a runed translucent door.
 25059 | D:13     | Found a shimmering altar of Xom.
 25059 | D:13     | Noticed Anon1729's ghost (journeyman MiMo)
 25350 | D:14     | Found a gate to the Vaults.
 25631 | D:14     | Found an opulent altar of Gozag.
 26310 | D:15     | Entered Level 15 of the Dungeon
 26897 | D:15     | Identified the +4 trident of the Mosquito {spect, *Rage
                  | rPois rF- Will+++}
 26969 | D:15     | Found Paloaf's General Store.
 27015 | D:15     | Bought a scroll of teleportation for 45 gold pieces
 27095 | D:15     | Reached XP level 16. HP: 146/146 MP: 14/22
 27116 | D:15     | Found a staircase to the Depths.
 27889 | Orc:1    | Entered Level 1 of the Orcish Mines
 27962 | D:10     | Reached skill level 5 in Spellcasting
 28361 | Orc:2    | Entered Level 2 of the Orcish Mines
 28560 | Orc:2    | Noticed Azrael
 28609 | Orc:2    | Killed Azrael
 28684 | Orc:2    | Reached skill level 15 in Fighting
 28772 | Orc:1    | Reached skill level 11 in Summonings
 28990 | Orc:2    | Found a staircase to the Elven Halls.
 29370 | Orc:2    | Found Kusuna Lehu's General Store.
 29371 | Orc:2    | Found Dunopp's Book Boutique.
 29373 | Orc:2    | Found Irphoo's Antique Armour Boutique.
 29373 | Orc:2    | Found Lays's Antique Weapon Shop.
 29399 | Orc:2    | Bought 3 scrolls of enchant armour for 360 gold pieces
 29408 | Orc:2    | Bought a runed kite shield for 187 gold pieces
 29612 | Snake:1  | Entered Level 1 of the Snake Pit
 29697 | Snake:1  | Reached skill level 1 in Shields
 29714 | Snake:1  | Noticed Louise
 29738 | Snake:1  | Killed Louise
 29946 | Snake:1  | Found Lapior's Distillery.
 29954 | Snake:1  | Bought a potion of heal wounds for 70 gold pieces
 29954 | Snake:1  | Found Toxo's Armour Shoppe.
 31709 | Snake:2  | Reached XP level 17. HP: 149/157 MP: 24/27
 32165 | Snake:3  | Reached skill level 5 in Shields
 32431 | Snake:3  | Reached skill level 12 in Summonings
 33464 | Snake:3  | Learned a level 6 spell: Summon Cactus Giant
 33758 | Snake:4  | Entered Level 4 of the Snake Pit
 33760 | Snake:4  | Noticed Vashnia
 33815 | Snake:4  | Noticed Nikola
 33839 | Snake:4  | Killed Nikola
 33865 | Snake:4  | Noticed Mlioglotl
 34499 | Snake:4  | Killed Mlioglotl
 34596 | Snake:4  | Found Qaulagohis's Assorted Antiques.
 35134 | Snake:4  | Killed Vashnia
 35808 | Snake:4  | Reached skill level 13 in Summonings
 36024 | Snake:4  | Reached XP level 18. HP: 134/166 MP: 20/31
 36060 | Snake:4  | Reached skill level 10 in Shields
 36282 | Snake:4  | Got a serpentine rune of Zot
 36485 | Snake:1  | Bought a +1 pair of boots for 172 gold pieces
 36593 | Shoals:1 | Entered Level 1 of the Shoals
 36982 | Shoals:1 | Noticed Frances
 36989 | Shoals:1 | Gained mutation: You are frail. (-10% HP) [a neqoxec]
 37002 | Shoals:1 | Killed Frances
 37104 | Shoals:1 | Lost mutation: You are frail. (-10% HP) [potion of
                  | mutation]
 37104 | Shoals:1 | Lost mutation: You have a pair of small horns on your head.
                  | [potion of mutation]
 37104 | Shoals:1 | Gained mutation: You are clumsy. (Dex -2) [potion of
                  | mutation]
 37104 | Shoals:1 | Gained mutation: Your spells are a little harder to cast,
                  | but a little more powerful. [potion of mutation]
 37148 | Shoals:1 | Noticed Kirke
 37162 | Shoals:1 | Killed Kirke
 37203 | Shoals:1 | Found a frozen archway.
 37230 | IceCv    | Entered an ice cave
 37886 | IceCv    | Reached skill level 10 in Spellcasting
 38610 | Shoals:1 | Reached skill level 14 in Summonings
 38675 | Shoals:2 | Found Anoakum's Gadget Gallery.
 38684 | Shoals:2 | Bought a wand of roots (3) for 93 gold pieces
 38693 | Shoals:2 | Bought a box of beasts for 520 gold pieces
 40533 | Shoals:3 | Noticed Ilsuiw
 40642 | Shoals:3 | Reached XP level 19. HP: 102/172 MP: 29/33
 40850 | Shoals:3 | Identified the +8 halberd "Eshukeut" {drain, Will- Str+6}
 41631 | Shoals:4 | Entered Level 4 of the Shoals
 41895 | Shoals:4 | Reached skill level 15 in Summonings
 42194 | Shoals:4 | Got a barnacled rune of Zot
 42336 | Shoals:4 | Identified the ring "Veunit" {Will+ Int+2 Dex+4}
 42405 | Shoals:4 | Reached skill level 15 in Shields
 42664 | Shoals:4 | Identified the ring of Dupaybeona {+Blink Will+ Dex+6}
 42988 | Vaults:1 | Entered Level 1 of the Vaults
 43360 | Vaults:1 | Reached skill level 16 in Summonings
 44064 | Vaults:1 | Paralysed by a sphinx for 4 turns
 44069 | Vaults:1 | Reached skill level 17 in Summonings
 44965 | Vaults:2 | Reached XP level 20. HP: 103/180 MP: 32/34
 45069 | Vaults:2 | Found a runed translucent door.
 45069 | Vaults:2 | Noticed Zonian's ghost (adept HOFi)
 45130 | Vaults:2 | Reached skill level 18 in Summonings
 45273 | Vaults:2 | Killed Zonian's ghost
 45287 | Vaults:2 | Acquired 780 gold pieces
 45730 | D:15     | Bought a +2 hat of intelligence for 315 gold pieces
 46041 | Vaults:2 | Learned a level 7 spell: Summon Hydra
 46187 | Vaults:2 | You are sucked into a shaft and drop 2 floors!
 46401 | Vaults:4 | Found a transporter.
 46412 | Vaults:4 | Found a transporter.
 46496 | Vaults:4 | Reached skill level 19 in Summonings
 47601 | Vaults:2 | Identified the ring "Hock" {Wiz Str+3 Dex+6}
 47795 | Vaults:2 | Found a staircase to the Crypt.
 47795 | Vaults:2 | Found an ancient bone altar of Kikubaaqudgha.
 47796 | Vaults:2 | Found a basalt altar of Yredelemnul.
 48009 | Vaults:2 | Identified the staff of cold "Toschopp" {rC+ MP+9}
 48144 | Abyss:2  | Found a corrupted altar of Lugonu.
 48144 | Abyss:2  | Cast into level 2 of the Abyss (a wizard)
 48451 | Abyss:3  | Reached skill level 20 in Summonings
 48485 | Abyss:3  | Got an abyssal rune of Zot
 48524 | Abyss:3  | Noticed a dread lich
 48588 | Vaults:2 | Escaped the Abyss
 48930 | Vaults:3 | Reached XP level 21. HP: 187/187 MP: 30/37
 49155 | Vaults:3 | Found Nuthreuh's General Store.
 49163 | Vaults:3 | Bought a scroll of enchant armour for 135 gold pieces
 49357 | Vaults:3 | Found Yghyposh's Antique Armour Shoppe.
 49389 | Vaults:3 | Identified the +6 sling "Deulieju" {speed, Int+4}
 50113 | Vaults:4 | Noticed a dread lich
 50321 | Vaults:4 | Found a portal to a secret trove of treasure.
 50585 | Depths:1 | Entered Level 1 of the Depths
 50618 | Depths:1 | Found a one-way gateway to a ziggurat.
 50660 | Zig:1    | Entered Level 1 of a ziggurat
 50687 | Depths:1 | HP: 10/282 [poison (poison gas)]
 50688 | Depths:1 | Succumbed to poison (poison gas)

Illustrated notes

Levels and vault maps discovered:
D:1:      kilobyte_arrival_exit_the_forest, layout_basic, minmay_cupped
D:2:      layout_basic
D:3:      cheibrodos_greedy_goblins, layout_rooms, amcnicky_altar_gilded,
          shapermc_ecumenical_altar_ellora, uniq_robin
D:4:      layout_loops_ring, nemelex_diamond_rough_becter,
          minmay_temple_entry_gardened_gates
D:5:      layout_loops_cross, bloody_makhleb, serial_shops,
          nicolae_shop_just_a_little_nook, uniq_eustachio
D:6:      layout_loops_ring, serial_shops, nicolae_shop_window_shopping,
          corner_web_ring, serial_bayou_pond_c
D:7:      layout_loops_ring, nzn_wu_jian_contemplation, columned_hall_lemuel,
          dk_noncrumbling_2, uniq_crazy_yiuf_cottage
D:8:      cheibrodos_histonic, layout_basic, chequers_ossuary_entry_cave,
          uniq_prince_ribbit1
D:9:      layout_cave_pods, uniq_psyche
D:10:     layout_loops_corners, grunt_temple_overflow_holy_war,
          grunt_qazlal_clouds, orc_0_dummy, minmay_misc_feat_pillars
D:11:     hangedman_cross_cluster, layout_irregular_city,
          yredelemnul_altar_generic, uniq_maurice
D:12:     layout_stronghold, serial_shops, nicolae_shop_bloodbath_and_beyond,
          hangedman_abyss_or_decor_passed
D:13:     minmay_tri_stars, layout_grid_maze, ebering_ghost_xom
D:14:     layout_small_grid, david_vaults_2, nicolae_gozag_seed_capital
D:15:     grunt_enter_depths_magical_seal, layout_basic, serial_shops, shop
Lair:1:   layout_long_grid, serial_bayou_shore_b, grunt_megastairs_4
Lair:2:   layout_roguey [special_room_bee], nicolae_shoals_entry_roost,
          minmay_snake_entry_six_corridors, uniq_urug, uniq_sonja, uniq_maggie
Lair:3:   layout_hall_layers, beast_lair_carwin_1, uniq_josephine
Lair:4:   layout_misc_corridors, beast_lair_carwin_9, grunt_megastairs_2
Lair:5:   evilmike_catoblepas_cave, layout_loops_ring,
          nicolae_slime_entry_field_trip, gauntlet_entry_generic
Shoals:1: layout_shoals, portal_ice_cave_entry_pillars_1,
          nicolae_shoals_lost_giant_temple, uniq_kirke, uniq_frances
Shoals:2: layout_shoals, nicolae_shop_gadgets
Shoals:3: cheibrodos_shoals_roost, layout_shoals, nzn_prometheus_bound,
          uniq_ilsuiw
Shoals:4: shoals_end_grunt_garden, layout_shoals, shoals_ilsuiw_alternative
Snake:1:  layout_chambers, drop_trap, nicolae_snake_the_dead_are_slithering,
          minmay_shop_star, uniq_louise
Snake:2:  layout_misc_corridors, nicolae_integral_box
Snake:3:  layout_onion
Snake:4:  snake_pit_salamanders_mu, layout_misc_corridors, serial_shops,
          nicolae_shop_behind_doors, minmay_snake_pond, uniq_nikola,
          uniq_mlioglotl, uniq_vashnia
Orc:1:    layout_diamond_mine
Orc:2:    st_orc_congregation, layout_caves, uniq_azrael
Vaults:1: v_rooms_4, nicolae_vaults_six-pack, nicolae_vaults_apartment_1,
          nicolae_vaults_asterisk, vaults_room_hangedman_quadrants,
          nicolae_vaults_variable_pillar_hall, grunt_vaults_twisty,
          vaults_dpeg_hooks, vaults_room_semicircle, layout_vaults_quadrants
Vaults:2: hellmonk_ghost_happy_afterlife, nicolae_vaults_closet_pinwheel_6,
          minmay_crypt_entry_necro_gods, nicolae_vaults_meiosis,
          vaults_room_corners, vaults_mumra_hex,
          nicolae_vaults_variable_pillar_hall, nicolae_vaults_tetromino_L_1,
          nicolae_vaults_tetromino_Z_1, vaults_room_door_ring,
          nicolae_vaults_closet_pinwheel_1, v_misc_18, nicolae_vaults_tangram_2,
          ontoclasm_vaults_decontamination, nicolae_vaults_enemy_cabinets,
          nicolae_vaults_double_plus_1, layout_vaults_chaotic_city
Vaults:3: vaults_standard_mumra_lines, nicolae_vaults_stepped_doors,
          vaults_mumra_lcd, nicolae_vaults_storage_closets_1,
          hangedman_vaults_hard_town_square, v_misc_2, vaults_dpeg_diagonal,
          ontoclasm_vaults_claustrophobia, nicolae_vaults_alarming,
          nicolae_vaults_trapezoid_lopsided_3, layout_vaults_omnicross,
          serial_shops, shop, shop
Vaults:4: nicolae_vaults_specimen_jars, nicolae_vaults_house_1,
          gammafunk_sealed_arena, nicolae_vaults_ninety_degrees, v_misc_10,
          nicolae_vaults_theta, nicolae_vaults_house_3,
          nicolae_vaults_trapezoid_layered, nicolae_vaults_trapezoid_1,
          layout_vaults_ring, nicolae_trove_entry_crystal
Depths:1: layout_honeycomb, enter_ziggurat_a, serial_shops, shop, hell_entry,
          ebering_ghost_inner_flame, infiniplex_enter_wizlab_spiral,
          okawaru_trees_2, kennysheep_generic_room_7

Skill      XL: |  1  2  3  4  5  6  7  8  9 10 11 12 13 14 15 16 17 18 19 20 21 |
---------------+----------------------------------------------------------------+-----
Fighting       | 4 5 6 10 11 12 14 15 16 | 16.0
Polearms       | 4 5 6 7 8 11 12 14 | 14.0
Dodging        | 3 4 6 7 8 11 12 14 | 14.0
Evocations     | 1 4 6 8 10 12 | 12.0
Air Magic      | 3 7 |  7.0
Summonings     | 3 9 10 11 13 14 17 20 | 20.0
Spellcasting   | 3 4 7 9 10 12 13 | 13.7
Shields        | 4 9 13 15 | 15.0
Fire Magic     | |  3.0

Action                     |  1- 3 |  4- 6 |  7- 9 | 10-12 | 13-15 | 16-18 | 19-21 || total
---------------------------+-------+-------+-------+-------+-------+-------+-------++-------
  Melee: Spear             |   130 |   272 |       |       |       |       |       ||   402
         Tailslap          |    12 |    35 |    45 |   113 |   346 |   365 |   267 ||  1183
         Punch             |     1 |     1 |       |     1 |       |       |       ||     3
         Headbutt          |       |    26 |    58 |   157 |   455 |   384 |       ||  1080
         Halberd           |       |    24 |   316 |       |       |       |       ||   340
         Trident           |       |       |       |   233 |       |       |       ||   233
         Demon trident     |       |       |       |   493 |  1442 |  2235 |  1383 ||  5553
  Throw: Dart              |       |       |       |       |       |     9 |     8 ||    17
   Cast: Call Canine Famil |       |       |       |       |    65 |    31 |    46 ||   142
         Summon Lightning  |       |       |       |       |    17 |   136 |    49 ||   202
         Swiftness         |       |       |       |       |     1 |       |       ||     1
         Summon Cactus Gia |       |       |       |       |       |    50 |    26 ||    76
         Summon Hydra      |       |       |       |       |       |       |    82 ||    82
 Invoke: Fiery Armour      |       |     2 |     1 |     1 |       |       |       ||     4
         Foxfire Swarm     |       |       |     1 |       |       |       |       ||     1
Ability: Breathe Lightning |       |       |     5 |       |       |       |       ||     5
  Evoke: Wand              |       |       |     2 |     4 |     2 |    19 |     7 ||    34
         Lightning rod     |       |       |       |       |       |     8 |       ||     8
         Tin of tremorston |       |       |       |       |       |     4 |       ||     4
         Box of beasts     |       |       |       |       |       |     1 |       ||     1
    Use: Scroll            |       |     9 |     5 |    16 |     2 |    12 |    13 ||    57
         Potion            |       |     6 |     3 |     5 |     1 |     7 |    11 ||    33
   Stab: Sleeping          |     3 |     7 |     6 |     6 |     1 |       |     1 ||    24
         Distracted        |       |       |       |       |     9 |    21 |    25 ||    55
         Invisible         |       |       |       |       |     4 |       |       ||     4
         Petrified         |       |       |       |       |     3 |       |       ||     3
 Armour: Skin              |    36 |    99 |   142 |   215 |   341 |   388 |   217 ||  1438
  Dodge: Dodged            |    69 |   148 |   206 |   437 |   908 |  1253 |   666 ||  3687
  Block: Kite shield       |       |       |       |       |       |  1080 |   980 ||  2060
